 Dungeon Crawl Stone Soup version 0.25.1-2-g60ff931df9 (webtiles) character file.

Game seed: 1924948102086446011

52 DildoBatman the Magician (level 4, -2/30 HPs)
             Began as a Formicid Wizard on Sept 18, 2020.
             Slain by a hound skeleton (3 damage)
             ... on level 4 of the Dungeon.
             The game lasted 00:02:36 (1430 turns).

DildoBatman the Magician (Formicid Wizard)          Turns: 1430, Time: 00:02:37

Health: -2/30      AC:  3    Str: 12    XL:     4   Next: 8%
Magic:  8/8        EV: 12    Int: 18    God:
Gold:   54         SH:  0    Dex:  9    Spells: 8/9 levels left

rFire    . . .     SeeInvis +   a - +0 short sword
rCold    . . .     Gourm    .   (no shield)
rNeg     . . .     Faith    .   m - +0 robe
rPois    .         Spirit   .   (helmet unavailable)
rElec    .         Reflect  .   f - +0 cloak
rCorr    .         Harm     .   (no gloves)
MR       .....                  (no boots)
Stlth    ++........             (no amulet)
HPRegen  0.10/turn              (no ring)
MPRegen  0.11/turn              (no ring)

@: no status effects
A: permanent stasis, dig shafts and tunnels, four strong arms, antennae 3
a: Dig, Shaft Self


You were on level 4 of the Dungeon.
You were not hungry.

You visited 1 branch of the dungeon, and saw 3 of its levels.

You collected 54 gold pieces.

Inventory:

Hand Weapons
 a - a +0 short sword (weapon)
 b - a +0 hunting sling
 c - a +0 dagger
 e - a +0 spear
Missiles
 d - 9 bolts
 h - 38 stones (quivered)
Armour
 f - a +0 cloak (worn)
 m - a +0 robe (worn)
Scrolls
 g - 2 scrolls of identify {unknown}
 i - a scroll of magic mapping {unknown}
 j - a scroll of teleportation {unknown}
Potions
 l - a potion of invisibility {unknown}
Comestibles
 v - 2 rations


   Skills:
 - Level 1.7 Dodging
 - Level 2.4 Stealth
 - Level 3.2 Spellcasting
 * Level 3.2 Conjurations
   Level 1.0 Summonings
   Level 0.8 Translocations


You had 8 spell levels left.
You knew the following spells:

 Your Spells              Type           Power        Failure   Level  Hunger
c - Magic Dart            Conj           ##..         4%          1    None

Your spell library contained the following spells:

 Spells                   Type           Power        Failure   Level  Hunger
 Call Imp                 Summ           #.......     16%         2    ##.....
 Slow                     Hex            #.......     24%         2    ##.....
 Conjure Flame            Conj/Fire      #.......     24%         3    ###....
 Mephitic Cloud           Conj/Pois/Air  #.......     30%         3    ###....
 Blink                    Tloc           Unusable     N/A         2    N/A

Dungeon Overview and Level Annotations

Branches:
Dungeon (2/15)

Altars:


Innate Abilities, Weirdness & Mutations

You cannot be hasted, slowed, berserked, paralysed or teleported.
You can dig through walls and to a lower floor.
Your four strong arms can wield two-handed weapons with a shield.
You have a pair of large antennae on your head. (SInv)


Message History

What are your orders? t - Shout!
Orders for allies: a - Attack new target. r - Retreat! s - Stop attacking. g - Guard the area. f - Follow me.
Anything else - Cancel.
You shout for attention!
The hound skeleton bites you.
The frilled lizard bites you but does no damage.
What are your orders? t - Shout!
Orders for allies: a - Attack new target. r - Retreat! s - Stop attacking. g - Guard the area. f - Follow me.
Anything else - Cancel.
You shout for attention!
You feel sick.
You are no longer poisoned.
The hound skeleton bites you.
You die...

.. ## ##.####...
#.........
##.........
#...[[.....
#..........
##.l....%...
#..@........ .##
#..Z........
...##.........##
..............#
........$.....#
..............#
#.............#
###...........#
##..........#


You could see a frilled lizard and a hound skeleton.

Vanquished Creatures
  A worker ant (D:4)
  A dart slug (D:2)
  A leopard gecko (D:1)
  A giant cockroach (D:2)
  3 goblins (D:1)
  2 hobgoblins (D:1)
  3 jackals (D:1)
  3 kobolds (D:1)
  4 bats (D:1)
  3 frilled lizards (D:1)
  5 rats
27 creatures vanquished.

Notes
Turn   | Place    | Note
-------+----------+-------------------------------------------
     0 | D:1      | DildoBatman the Formicid Wizard began the quest for the
                  | Orb.
     0 | D:1      | Reached XP level 1. HP: 13/13 MP: 4/4
    26 | D:1      | Reached skill level 1 in Conjurations
   205 | D:1      | Reached XP level 2. HP: 17/19 MP: 1/6
   701 | D:1      | Reached XP level 3. HP: 24/24 MP: 4/7
  1354 | D:2      | You fall into a shaft and drop 2 floors!
  1407 | D:4      | Reached XP level 4. HP: 17/30 MP: 6/8
  1430 | D:4      | HP: 1/30 [poisoned by a worker ant]
  1430 | D:4      | Slain by a hound skeleton

Illustrated notes

Levels and vault maps discovered:
D:1:      minmay_arrival_four_houses, layout_basic, serial_corexii_hall,
          chequers_hall_statues_wall_a, chequers_hall_statues_y,
          chequers_hall_statues_y, minmay_misc_feat_iff, serial_bayou_lake_a
D:2:      layout_basic, marbit_many_paths, uniq_crazy_yiuf_cottage
D:4:      layout_cave_pods, nicolae_dithmenos_shadow_blocks,
          gammafunk_ghost_smash

Skill      XL: |  1  2  3 |
---------------+----------+-----
Conjurations   | 1 2 3 |  3.2
Dodging        | |  1.7
Stealth        | |  2.4
Spellcasting   | |  3.2
Summonings     | |  1.0
Translocations | |  0.8

Action                   |  1- 3 |  4- 6 || total
-------------------------+-------+-------++-------
Melee: Dagger            |    18 |       ||    18
       Short sword       |     1 |       ||     1
 Cast: Magic Dart        |    65 |     1 ||    66
 Abil: Dig               |     2 |       ||     2
  Use: Potion            |     1 |       ||     1
  Eat: Chunk             |     2 |       ||     2
Armor: Robe              |    10 |     6 ||    16
Dodge: Dodged            |    20 |    13 ||    33
